 Dungeon Crawl Stone Soup version 0.27.0-1-g7a089689b8 (webtiles) character file.

Game seed: 12599471088326335366

4 Descartes the Sneak (level 1, -1/9 HPs)
             Began as a Felid Wanderer on Aug 1, 2021.
             Frozen to death by an endoplasm (3 damage)
             ... on level 2 of the Dungeon.
             The game lasted 00:00:37 (220 turns).

Descartes the Sneak (Felid Wanderer)                 Turns: 220, Time: 00:00:37

Health: -1/9       AC:  1    Str:  7    XL:     1   Next: 50%
Magic:  2/2        EV: 17    Int: 14    God:
Gold:   10         SH:  0    Dex: 15    Spells: 0/0 levels left
                                        Lives:  0   Deaths: 0

rFire    . . .     SeeInvis +     - Unarmed
rCold    . . .     Faith    .   (shield unavailable)
rNeg     . . .     Spirit   .   (armour unavailable)
rPois    .         Reflect  .   (helmet unavailable)
rElec    .         Harm     .   (cloak unavailable)
rCorr    .         Rampage  .   (gloves unavailable)
Will     .....                  (boots unavailable)
Stlth    ++........             (no amulet)
HPRegen  0.03/turn              e - +4 ring of slaying
MPRegen  0.08/turn              (no ring)

@: quick
A: very small, claws 1, fangs 3, see invisible, speed 1, shaggy fur 1, stealthy
paws, no weapons or thrown items, no armour, multi-lived
a: no special abilities


You were on level 2 of the Dungeon.
You visited 1 branch of the dungeon, and saw 2 of its levels.

You collected 10 gold pieces.

Inventory:

Jewellery
 e - a +4 ring of slaying (left paw)
Scrolls
 b - a scroll of blinking
 c - 2 scrolls of teleportation
 d - a scroll of enchant weapon {unknown}
Potions
 a - a potion of berserk rage


   Skills:
 - Level 2.0 Fighting
 + Level 2.9 Dodging
 + Level 2.9 Stealth
 + Level 1.1 Unarmed Combat
 - Level 1.0 Summonings
 - Level 1.7 Ice Magic


You couldn't memorise any spells.
You knew the following spells:

 Your Spells              Type           Power      Damage    Failure   Level
a - Apportation           Tloc           0%         N/A       28%         1

Your spell library contained the following spells:

 Spells                   Type           Power      Damage    Failure   Level
 Gell's Gravitas          Tloc           0%         N/A       65%         3


Dungeon Overview and Level Annotations

Branches:
Dungeon (1/15)

Altars:


Innate Abilities, Weirdness & Mutations

You have sharp claws.
You have razor-sharp teeth.
You have supernaturally acute eyesight. (SInv)
You cover ground quickly. (Speed+)
You are covered in fur. (AC +1)
Your paws help you pounce on unaware monsters.
You are incapable of wielding weapons or throwing items.
You cannot wear armour.
You gain extra lives every three experience levels.


Message History

No target in view!
No target in view!
No target in view!
No target in view!
No target in view!
No target in view!
No target in view!
No target in view!
HP restored.
You see here a +0 dagger.
You fall into a shaft and drop 1 floor!
The shaft crumbles and collapses.
Found a twisted bronze ring, 9 gold pieces and a ring mail.
e - a +4 ring of slaying
e - a +4 ring of slaying (left paw)
A jackal comes into view.
A jackal and an endoplasm come into view.
The jackal barks! x2
A jackal comes into view.
You barely miss the jackal. The jackal completely misses you.
The jackal barks!
The endoplasm quivers.
You scratch the jackal.
You kill the jackal!
The jackal bites you.
You scratch the jackal.
The jackal is moderately wounded.
The jackal closely misses you. x2
You scratch the jackal.
You kill the jackal!
The endoplasm hits you.
You scratch the endoplasm.
The endoplasm is severely wounded.
The endoplasm closely misses you. The jackal bites you.
You closely miss the jackal. The jackal bites you.
* * * LOW HITPOINT WARNING * * *
The jackal barely misses you. The endoplasm freezes you.
You are frozen.
You die...

#.....# #####
#.....#
#.[..##.....#
#....##.....#
#..........$
##.........####...
#.................
#.......@#
#......Jh# #####
#........#......
#........†......
##....###.......
#....# .......
#....# ....###
###### ....# ....#


You could see an endoplasm and a jackal.

Vanquished Creatures
  2 jackals (D:2)
  2 kobolds (D:1)
4 creatures vanquished.

Notes
Turn   | Place    | Note
-------+----------+-------------------------------------------
     0 | D:1      | Descartes the Felid Wanderer began the quest for the Orb.
     0 | D:1      | Descartes set off with the following items: a potion of
                  | berserk rage, a scroll of blinking, a scroll of
                  | teleportation; and the following spell memorised:
                  | Apportation; and the following spells available to
                  | memorise: Gell's Gravitas
     0 | D:1      | Reached XP level 1. HP: 9/9 MP: 2/2
   201 | D:1      | You fall into a shaft and drop 1 floor!
   220 | D:2      | Frozen to death by an endoplasm

Illustrated notes

Levels and vault maps discovered:
D:1:      beargit_arrival_diablo_church, layout_basic,
          dilly_ecumenical_altar_fadedgnrine, serial_shops, shop, shop,
          chequers_serial_rivers_large_b
D:2:      layout_basic

Action                   || total
-------------------------++-------
Melee: Unarmed           ||    10
 Stab: Sleeping          ||     1
Dodge: Dodged            ||     6
